 Dungeon Crawl Stone Soup version 0.29.0-13-gc9e81de378 (console) character file.

Game seed: 10656911573467581204

114 odiv the Vexing (level 4, 0/30 HPs)
             Began as a Demonspawn Wanderer on Sept 10, 2022.
             Slain by a gnoll
             ... wielding a +0 spear
              (1 damage)
             ... on level 2 of the Dungeon.
             The game lasted 00:05:48 (3129 turns).

odiv the Vexing (Demonspawn Wanderer)               Turns: 3129, Time: 00:05:49

Health: 0/30       AC: 12    Str: 10    XL:     4   Next: 67%
Magic:  5/5        EV: 11    Int: 14    God:
Gold:   159        SH:  0    Dex: 16    Spells: 4/5 levels left

rFire   . . .      SeeInvis .   a - +1 short sword (freeze)
rCold   . . .      Faith    .   (no shield)
rNeg    . . .      Spirit   .   e - +0 robe
rPois   .          Reflect  .   (no helmet)
rElec   .          Harm     .   (no cloak)
rCorr   .          Rampage  .   c - +0 pair of gloves
Will    .....                   (no boots)
Stlth   ++........              (no amulet)
HPRegen 0.10/turn               (no ring)
MPRegen 0.09/turn               (no ring)

@: sanguine armoured
A: foul stench 1, sanguine armour 2
a: no special abilities


You were on level 2 of the Dungeon.
You visited 1 branch of the dungeon, and saw 2 of its levels.

You collected 159 gold pieces.

Inventory:

Hand Weapons
 a - a +1 short sword of freezing (weapon)
 m - a +2 dagger
Missiles
 d - 2 curare-tipped darts (quivered)
Armour
 c - a +0 pair of gloves (worn)
 e - a +0 robe (worn)
Scrolls
 f - 3 scrolls of noise {unknown}
 g - a scroll of summoning {unknown}
 h - 3 scrolls of identify {unknown}
 k - a scroll of immolation {unknown}
 l - a scroll of vulnerability {unknown}
 p - a scroll of silence {unknown}
Potions
 b - a potion of berserk rage {unknown}
 i - a potion of resistance {unknown}
 j - a potion of degeneration {unknown}


   Skills:
 - Level 4.5 Throwing
 - Level 1.0 Stealth
 - Level 1.0 Spellcasting
 + Level 5.0 Hexes
 - Level 1.2 Invocations


You had 4 spell levels left.
You knew the following spells:

 Your Spells              Type           Power      Damage    Failure   Level
a - Slow                  Hex            56%        N/A       3%          1

Your spell library contained the following spells:

 Spells                   Type           Power      Damage    Failure   Level
 Portal Projectile        Hex/Tloc       14%        N/A       28%         3
 Static Discharge         Conj/Air       0%         3-3/arc   36%         2
 Dispel Undead            Necr           0%         3d6       95%         4
 Sticky Flame             Conj/Fire      0%         2d3       95%         4


Dungeon Overview and Level Annotations

Branches:
Dungeon (2/15)

Altars:


Innate Abilities, Weirdness & Mutations

You may rarely emit foul miasma when damaged in melee.
When seriously injured, your blood forms thick armour. (AC +9)


Message History

The gnoll barely misses you.
You hit the gnoll. You freeze the gnoll.
The gnoll is moderately wounded.
The gnoll hits you with a +0 whip. The gnoll misses you.
The gnoll barely misses you.
You hit the gnoll but do no damage.
The gnoll is moderately wounded.
The gnoll closely misses you. x2; The gnoll barely misses you.
The gnoll hits you with a +0 spear. The gnoll closely misses you.
The gnoll hits you with a +0 whip.
Your blood congeals into armour.
You barely miss the gnoll.
The gnoll is moderately wounded.
The gnoll barely misses you. x2; The gnoll closely misses you.
You barely miss the gnoll.
The gnoll is moderately wounded.
The gnoll hits you with a +0 whip. The gnoll closely misses you.
The gnoll hits you with a +0 spear.
You hit the gnoll. You freeze the gnoll.
The gnoll is heavily wounded.
The gnoll closely misses you.
The gnoll hits you but does no damage. x2
You hit the gnoll. You freeze the gnoll.
The gnoll is severely wounded.
The gnoll hits you but does no damage. The gnoll barely misses you.
The gnoll hits you but does no damage.
You hit the gnoll. You freeze the gnoll.
You kill the gnoll!
The gnoll hits you but does no damage. The gnoll barely misses you.
Your Hexes skill increases to level 5!
You closely miss the gnoll. The gnoll closely misses you.
The gnoll hits you but does no damage.
You barely miss the gnoll. The gnoll misses you.
The gnoll hits you but does no damage.
You hit the gnoll but do no damage. The gnoll hits you with a +0 spear.
The gnoll hits you with a +0 whip.
* * * LOW HITPOINT WARNING * * *
You closely miss the gnoll. The gnoll hits you with a +0 spear!
* * * LOW HITPOINT WARNING * * *
The gnoll barely misses you.
The gnoll hits you from afar with a +0 spear.
You die...

#.#.......######.#.####
#.#....#..# #.#.# #...
#..# #.#.## #. ##.#
#....# #.# #....# #
#.######....###
#...........##.
#.##########.######...##.
#.....g.@....### #...#..
#.....g#)##....## #...#.#
#......#.##.##..# ##)##.#
#......#(##.###.####.#..#
#.###..#.##.# #...##...##
.. ...#.##.# ###...>### #
###.#.##.##########
#...............
#.#.#.##.#######


You could see 2 gnolls.

Vanquished Creatures
  A howler monkey (D:1)
  2 gnolls (D:2)
  A worm (D:2)
  3 ball pythons
  7 bats
  An endoplasm (D:2)
  2 giant cockroaches (D:1)
  2 goblins (D:1)
  4 hobgoblins
  13 jackals
  2 quokkas (D:1)
  2 frilled lizards
  5 kobolds
  6 rats
51 creatures vanquished.

Notes
Turn   | Place    | Note
-------+----------+-------------------------------------------
     0 | D:1      | odiv the Demonspawn Wanderer began the quest for the Orb.
     0 | D:1      | odiv set off with the following items: a +2 dagger, 4
                  | curare-tipped darts, a +0 pair of gloves, a potion of
                  | curing, a +0 robe; and the following spell memorised: Slow;
                  | and the following spells available to memorise: Portal
                  | Projectile.
     0 | D:1      | Reached XP level 1. HP: 13/13 MP: 2/2
   339 | D:1      | Gained mutation: You may rarely emit foul miasma when
                  | damaged in melee. [demonic ancestry]
   339 | D:1      | Reached XP level 2. HP: 18/19 MP: 3/3
   511 | D:1      | Reached skill level 3 in Hexes
  1412 | D:1      | Gained mutation: When seriously injured, your blood forms
                  | armour. (AC +9) [demonic ancestry]
  1412 | D:1      | Reached XP level 3. HP: 22/24 MP: 4/4
  1814 | D:1      | Reached skill level 4 in Hexes
  1814 | D:1      | Gained mutation: When seriously injured, your blood forms
                  | thick armour. (AC +9) [demonic ancestry]
  1814 | D:1      | Reached XP level 4. HP: 9/30 MP: 5/5
  2571 | D:2      | HP: 1/30 [gnoll/+0 club (4)]
  3125 | D:2      | Reached skill level 5 in Hexes
  3128 | D:2      | HP: 1/30 [gnoll/+0 spear (7)]
  3129 | D:2      | Slain by a gnoll

Illustrated notes

Levels and vault maps discovered:
D:1:      dpeg_chamrin_arrival_tetris, layout_basic
D:2:      layout_basic, nicolae_ecumenical_lake_church

Skill      XL: |  1  2  3  4 |
---------------+-------------+-----
Hexes          | 3 4 5 |  5.0
Throwing       | |  4.5
Stealth        | |  1.0
Spellcasting   | |  1.0
Invocations    | |  1.2

Action                   |  1- 3 |  4- 6 || total
-------------------------+-------+-------++-------
Melee: Dagger            |   123 |       ||   123
       Punch             |     1 |       ||     1
       Short sword       |       |    53 ||    53
Throw: Dart              |     4 |     6 ||    10
       Stone             |     1 |     1 ||     2
  Use: Potion            |       |     2 ||     2
 Stab: Sleeping          |     2 |     2 ||     4
Armor: Robe              |    40 |    33 ||    73
Dodge: Dodged            |    77 |    64 ||   141
